 Dungeon Crawl Stone Soup version 0.31-a0-1570-g93c622d222 (webtiles) character file.

Game seed: 14711535251590846439

20808 jlumianski the Covert (level 12, -14/94 HPs)
             Began as a Gnoll Shapeshifter on Jan 3, 2024.
             Was a Priest of Wu Jian.
             Demolished by a two-headed ogre
             ... wielding a +0 dire flail
              (19 damage)
             ... while paralysed by an ogre mage
             ... on level 2 of the Orcish Mines.
             The game lasted 01:32:33 (18843 turns).

jlumianski the Covert (Gnoll Shapeshifter)         Turns: 18843, Time: 01:32:33

Health: -14/94     AC:  5    Str: 18    XL:     12   Next: 83%
Magic:  23/23      EV:  2    Int: 10    God:    Wu Jian [***...]
Gold:   730        SH:  0    Dex: 24    Spells: 20/26 levels left

rFire   . .          .
                       - Unarmed
rCold   . . .        (shield currently unavailable)
rNeg    . . .        f - melded +0 ring mail
rPois   +            (helmet restricted)
rElec   .            M - +1 cloak {rPois}
rCorr   .            q - +0 pair of gloves
SInv    .            r - +0 pair of boots
Will    .....        B - amulet of magic regeneration
Stlth   ++           m - +6 ring of dexterity
HPRegen 0.35/turn    v - +6 ring of dexterity
MPRegen 0.58/turn

%: clarity
@: paralysed, flux-form, glowing, studying Stealth
A: glow, contaminating, fangs 1, strong nose, distributed training, antennae 1,
clarity, MP-powered wands
a: Begin Untransformation, Renounce Religion, Wall Jump, Serpent's Lash


You were on level 2 of the Orcish Mines.
You worshipped Wu Jian.
Wu Jian was most pleased with you.
You were something dangerously unstable.
You visited 3 branches of the dungeon, and saw 17 of its levels.

You collected 1170 gold pieces.
You spent 440 gold pieces at shops.

Inventory:

Hand Weapons
 c - the +6 shortbow of the Bear {drain, Int+2}
   (You found it on level 9 of the Dungeon)

   Int+2:     It affects your intelligence (+2).
 E - a +0 lajatang of flaming
Missiles
 o - a throwing net
 u - a boomerang
 F - 4 curare-tipped darts
Armour
 f - a +0 ring mail (melded)
 p - a +0 troll leather armour
 q - a +0 pair of gloves (worn)
 r - a +0 pair of boots (worn)
 y - a +2 helmet
 M - a +1 cloak of poison resistance (worn)
Jewellery
 m - a +6 ring of dexterity (left hand)
 t - a ring of protection from fire
 v - a +6 ring of dexterity (right hand)
 B - an amulet of magic regeneration (around neck)
 H - an amulet of faith
Talismans
 L - a flux talisman (active)
Wands
 d - a wand of flame (11)
 A - a wand of polymorph (16)
 D - a wand of charming (11)
 R - a wand of quicksilver (12)
Scrolls
 h - a scroll of poison
 i - 7 scrolls of teleportation
 j - a scroll of revelation
 n - 2 scrolls of fog
 s - a scroll of fear
 w - 2 scrolls of vulnerability
 x - a scroll of butterflies
 C - a scroll of immolation {unknown}
 G - 4 scrolls of amnesia
 N - a scroll of torment {unknown}
Potions
 a - 2 potions of curing
 b - 2 potions of lignification
 e - 2 potions of cancellation
 g - 3 potions of heal wounds
 k - a potion of brilliance {unknown}
 l - 4 potions of might
 z - 2 potions of resistance
 K - a potion of haste {unknown}
 P - a potion of invisibility {unknown}
 T - a potion of magic
 U - a potion of enlightenment {unknown}


   Skills:
 + Level 8.4 Fighting
 + Level 7.9 Short Blades
 + Level 7.9 Long Blades
 + Level 7.9 Axes
 + Level 7.9 Maces & Flails
 + Level 7.9 Polearms
 + Level 7.9 Staves
 + Level 7.9 Ranged Weapons
 + Level 7.9 Throwing
 + Level 7.9 Armour
 + Level 9.2 Dodging
 + Level 10.8 Stealth
 + Level 7.9 Shields
 + Level 10.3 Unarmed Combat
 + Level 7.9 Spellcasting
 + Level 6.6 Conjurations
 + Level 6.6 Hexes
 + Level 6.6 Summonings
 + Level 6.6 Necromancy
 + Level 6.6 Translocations
 + Level 6.6 Fire Magic
 + Level 6.6 Ice Magic
 + Level 6.6 Air Magic
 + Level 6.6 Earth Magic
 + Level 6.6 Alchemy
 + Level 8.7 Invocations
 + Level 7.9 Evocations
 + Level 9.8 Shapeshifting


You had 20 spell levels left.
You knew the following spells:

 Your Spells              Type           Power      Damage    Failure   Level
a - Blink                 Tloc           34%        N/A       1%          2
b - Call Imp              Summ           34%        N/A       1%          2
c - Mercury Vapours       Alch/Air       34%        N/A       1%          2

Your spell library contained the following spells:

 Spells                   Type           Power      Damage    Failure   Level
 Magic Dart               Conj           68%        1d6       1%          1
 Sting                    Conj/Alch      68%        1d7       1%          1
 Ozocubu's Armour         Ice            17%        N/A       3%          3
 Olgreb's Toxic Radiance  Alch           17%        N/A       11%         4
 Summon Blazeheart Golem  Fire/Summ      17%        N/A       11%         4
 Metabolic Englaciation   Hex/Ice        8%         N/A       30%         5
 Sculpt Simulacrum        Ice/Alch       8%         N/A       86%         6
 Orb of Destruction       Conj           8%         9d6       100%        7
 Spellforged Servitor     Conj/Summ      8%         N/A       100%        7


Dungeon Overview and Level Annotations

Branches:
Dungeon (14/15)            Temple (1/1) D:7            Lair (0/5) D:9
    Orc (2/2) D:11
    Elf: Orc:2       Vaults: D:13-14

Altars:
Ashenzari
Cheibriados
Dithmenos
Elyvilon
Fedhas
Gozag
Hepliaklqana
Kikubaaqudgha
Makhleb
Nemelex Xobeh
Okawaru
Qazlal
Ru
Sif Muna
Trog
Uskayaw
Vehumet
Wu Jian
Xom
Yredelemnul
Zin
The Shining One

Shops:
D:3 :   D:4 ?

Annotations:
D:8 3 runed translucent doors, dialectric's ghost, novice DrSh


Innate Abilities, Weirdness & Mutations

You are something dangerously unstable.
You glow with magical radiation, making you easy to see and hit.
Foes you strike become dangerously contaminated with magical radiation.
You are incapable of wielding weapons or throwing items.
You have very sharp teeth.
Your uncanny sense of smell can sniff out nearby items.
Your experience applies equally to all skills.
You have a pair of small antennae on your head.
You possess an exceptional clarity of mind.
You expend magic power (3 MP) to strengthen your wands.


Message History

The two-headed ogre is lightly wounded.
The two-headed ogre closely misses you. x2
You see here a +0 flail.
Aiming: Wall Jump
Press: ? - help, Dir - move target You repeatedly attack the two-headed ogre from above.
You punch the two-headed ogre!
The two-headed ogre glows dangerously bright.
You bite the two-headed ogre, but do no damage.
The two-headed ogre is moderately wounded.
You punch the two-headed ogre!
The two-headed ogre shudders as magic cascades through it!!
You kill the two-headed ogre!
The Council accepts your kill.
You see here a +0 short sword.
Items here: ))) †.
There is a stone staircase leading down here.
You climb downwards.
The ogre shouts!
The ogre mage shouts!
The two-headed ogre shouts in stereo!
You hear a shout! x2; You hear two shouts!
The two-headed ogre barely misses you. The two-headed ogre misses you.
Something hits you!
Deactivating autopickup; reactivate with Ctrl-A.
The ogre mage gestures at you while chanting.
You suddenly lose the ability to move!
The ogre hits you with a +0 giant club.
You hear some strange, mumbled words.
A bolt of magma appears from out of thin air!
The bolt of magma hits you!!
The two-headed ogre hits you with a +0 dire flail!
The two-headed ogre hits you with a +0 giant club.
The ogre hits you with a +0 giant club!!
* * * LOW HITPOINT WARNING * * *
The ogre mage hits you from afar with a +0 halberd!
* * * LOW HITPOINT WARNING * * *
Something hits you.
* * * LOW HITPOINT WARNING * * *
The ogre mage casts a spell at the ogre.
The ogre seems to speed up.
The two-headed ogre hits you with a +0 dire flail!!
You die...

.... ......#.##
....#.#.......#
.#o..#.....#.#.
..............#
..............#
...............
...$...O.......
......Op.O.....
$......O<......
......{.O......
...............
.......$O.....#
.....$........#
...............
...............


You could see 2 two-headed ogres, 2 ogre magi, 2 ogres and an orc wizard.

Vanquished Creatures
  Erolcha (D:12)
  A centaur warrior (D:13)
  6 two-headed ogres
  Sonja (D:12)
  An ugly thing (D:12)
  Maurice (D:6)
  2 manticores
  2 cyclopes
  2 unseen horrors
  A komodo dragon (D:11)
  A kobold demonologist (D:10)
  2 trolls
  5 slime creatures (D:12)
  A shadow (D:10)
  A centaur simulacrum (D:14)
  A vampire (D:12)
  Sigmund (D:3)
  A wyvern (D:8)
  14 yaks
  A basilisk (shapeshifter) (D:11)
  3 wraiths
  A yak (shapeshifter) (D:13)
  3 steam dragons
  An acid dragon (D:12)
  Duvessa (D:5)
  A swamp drake (D:11)
  An ice beast (D:7)
  3 black bears
  9 orc warriors
  4 sky beasts
  9 ogres
  3 centaurs
  An ogre (shapeshifter) (D:13)
  A kobold brigand (D:7)
  5 bullfrogs
  A gnoll sergeant (D:8)
  3 scorpions
  13 wights
  Dowan (D:5)
  25 killer bees
  2 howler monkeys (D:12)
  A bombardier beetle (D:4)
  5 hounds
  9 orc priests
  Crazy Yiuf (D:7)
  A sleepcap (D:7)
  Natasha (D:1)
  4 iguanas
  17 orc wizards
  14 gnolls
  9 adders
  2 white imps
  5 ribbon worms
  2 dart slugs (D:1)
  55 orcs
  9 endoplasms
  2 giant cockroaches
  7 goblins
  10 hobgoblins
  10 jackals
  7 kobolds
  8 quokkas
  3 ball pythons
  7 bats
  3 frilled lizards
  5 rats
334 creatures vanquished.

Vanquished Creatures (collateral kills)
  A yak (D:11)
  3 killer bees (D:7)
  A jelly (D:8)
  An orc wizard (D:10)
  A gnoll (D:8)
  7 orcs
14 creatures vanquished.

Grand Total: 348 creatures vanquished

Notes
Turn   | Place    | Note
-------+----------+-------------------------------------------
     0 | D:1      | jlumianski the Gnoll Shapeshifter began the quest for the
                  | Orb.
     0 | D:1      | Reached XP level 1. HP: 17/17 MP: 1/1
   145 | D:1      | Reached XP level 2. HP: 19/23 MP: 2/2
   264 | D:2      | Noticed Natasha
   393 | D:1      | Reached XP level 3. HP: 28/28 MP: 3/3
   700 | D:1      | Reached skill level 1 in Invocations
  1230 | D:1      | Killed Natasha
  1231 | D:1      | Reached skill level 1 in Short Blades
  1231 | D:1      | Reached skill level 1 in Long Blades
  1231 | D:1      | Reached skill level 1 in Axes
  1231 | D:1      | Reached skill level 1 in Maces & Flails
  1231 | D:1      | Reached skill level 1 in Polearms
  1231 | D:1      | Reached skill level 1 in Staves
  1231 | D:1      | Reached skill level 1 in Ranged Weapons
  1231 | D:1      | Reached skill level 1 in Throwing
  1231 | D:1      | Reached skill level 1 in Armour
  1231 | D:1      | Reached skill level 1 in Stealth
  1231 | D:1      | Reached skill level 1 in Shields
  1231 | D:1      | Reached skill level 1 in Spellcasting
  1231 | D:1      | Reached skill level 1 in Evocations
  1231 | D:1      | Reached XP level 4. HP: 22/34 MP: 5/5
  1287 | D:2      | Found a shimmering blue altar of Sif Muna.
  1446 | D:2      | Reached skill level 1 in Conjurations
  1446 | D:2      | Reached skill level 1 in Hexes
  1446 | D:2      | Reached skill level 1 in Summonings
  1446 | D:2      | Reached skill level 1 in Necromancy
  1446 | D:2      | Reached skill level 1 in Translocations
  1446 | D:2      | Reached skill level 1 in Fire Magic
  1446 | D:2      | Reached skill level 1 in Ice Magic
  1446 | D:2      | Reached skill level 1 in Air Magic
  1446 | D:2      | Reached skill level 1 in Earth Magic
  1446 | D:2      | Reached skill level 1 in Alchemy
  1608 | D:2      | Found a faded altar of an unknown god.
  1668 | D:3      | Reached XP level 5. HP: 40/40 MP: 7/7
  2785 | D:3      | Found Feuryu's Book Emporium.
  2902 | D:4      | Found Semehour's Magic Scroll Boutique.
  2908 | D:4      | Noticed Sigmund
  2934 | D:3      | Killed Sigmund
  2935 | D:3      | Reached skill level 5 in Dodging
  2935 | D:3      | Reached XP level 6. HP: 47/47 MP: 7/9
  2990 | D:4      | Bought a scroll of identify for 24 gold pieces
  2990 | D:4      | Bought a scroll of butterflies for 48 gold pieces
  2990 | D:4      | Bought a scroll of identify for 24 gold pieces
  2990 | D:4      | Bought a scroll of teleportation for 36 gold pieces
  3029 | D:4      | Bought a scroll of amnesia for 48 gold pieces
  3209 | D:4      | Reached XP level 7. HP: 44/52 MP: 10/10
  3334 | D:5      | Entered Level 5 of the Dungeon
  4573 | D:4      | Reached XP level 8. HP: 55/60 MP: 12/12
  5507 | D:5      | Found an iron altar of Okawaru.
  5603 | D:5      | Noticed Duvessa
  5603 | D:5      | Noticed Dowan
  5636 | D:5      | Killed Duvessa
  5729 | D:5      | Killed Dowan
  5937 | D:5      | Found a sparkling altar of Nemelex Xobeh.
  6742 | D:7      | Reached XP level 9. HP: 65/67 MP: 13/15
  6766 | D:7      | Reached skill level 5 in Stealth
  6828 | D:6      | Found a shimmering altar of Xom.
  6948 | D:6      | Reached skill level 5 in Fighting
  7085 | D:6      | Learned a level 2 spell: Blink
  7088 | D:6      | Learned a level 2 spell: Call Imp
  7924 | D:7      | Found a sacrificial altar of Ru.
  7968 | D:7      | Found a hide-covered altar of Uskayaw.
  7977 | D:7      | Upgraded the game from 0.31-a0-1549-g5ff9445e89 to
                  | 0.31-a0-1570-g93c622d222
  8023 | D:7      | Reached skill level 5 in Invocations
  8353 | D:7      | Noticed Maurice
  8373 | D:7      | Something stole an amulet of faith
  8375 | D:6      | Something stole 6 boomerangs
  8379 | D:6      | Something stole a flux talisman
  8382 | D:6      | Killed Maurice
  8520 | D:6      | Reached skill level 5 in Short Blades
  8520 | D:6      | Reached skill level 5 in Long Blades
  8520 | D:6      | Reached skill level 5 in Axes
  8520 | D:6      | Reached skill level 5 in Maces & Flails
  8520 | D:6      | Reached skill level 5 in Polearms
  8520 | D:6      | Reached skill level 5 in Staves
  8520 | D:6      | Reached skill level 5 in Ranged Weapons
  8520 | D:6      | Reached skill level 5 in Throwing
  8520 | D:6      | Reached skill level 5 in Armour
  8520 | D:6      | Reached skill level 5 in Shields
  8520 | D:6      | Reached skill level 5 in Spellcasting
  8520 | D:6      | Reached skill level 5 in Evocations
  8520 | D:6      | Reached XP level 10. HP: 67/76 MP: 17/17
  8725 | D:7      | Found a staircase to the Ecumenical Temple.
  8734 | Temple   | Entered the Ecumenical Temple
  8741 | Temple   | Became a worshipper of the Wu Jian Council
  8827 | D:8      | Noticed an unseen horror
  8834 | D:8      | Killed an unseen horror
  9249 | D:7      | Found a radiant altar of Vehumet.
  9275 | D:7      | Found a runed translucent door.
  9276 | D:7      | Noticed Crazy Yiuf
  9477 | D:7      | Killed Crazy Yiuf
  9716 | D:8      | Gained mutation: You have sharp toenails. [potion of
                  | mutation]
  9716 | D:8      | Gained mutation: You occasionally lose the ability to read
                  | scrolls when taking damage. [potion of mutation]
  9717 | D:8      | Lost mutation: You occasionally lose the ability to read
                  | scrolls when taking damage. [potion of mutation]
  9717 | D:8      | Lost mutation: You have sharp toenails. [potion of
                  | mutation]
  9717 | D:8      | Gained mutation: You have a pair of small antennae on your
                  | head. [potion of mutation]
  9717 | D:8      | Gained mutation: You possess an exceptional clarity of
                  | mind. [potion of mutation]
  9717 | D:8      | Gained mutation: You expend magic power (3 MP) to
                  | strengthen your wands. [potion of mutation]
  9881 | D:8      | Reached * piety under Wu Jian
 10399 | D:8      | Found a glowing golden altar of the Shining One.
 10595 | D:3      | Bought a Young Poisoner's Handbook for 260 gold pieces
 10598 | D:3      | Learned a level 2 spell: Mercury Vapours
 10871 | D:9      | Found a staircase to the Lair.
 10994 | D:10     | Entered Level 10 of the Dungeon
 11048 | D:9      | Identified the +6 shortbow of the Bear {drain, Int+2}
 11057 | D:9      | Noticed a two-headed ogre
 11065 | D:9      | Killed a two-headed ogre
 11427 | D:8      | Found a runed translucent gate.
 11428 | D:8      | Found a runed translucent gate.
 11429 | D:8      | Found a runed translucent gate.
 11431 | D:8      | Noticed a nine-headed hydra
 11431 | D:8      | Noticed dialectric's ghost (novice DrSh)
 11431 | D:8      | Noticed an 11-headed hydra
 11780 | D:10     | Reached skill level 5 in Conjurations
 11780 | D:10     | Reached skill level 5 in Hexes
 11780 | D:10     | Reached skill level 5 in Summonings
 11780 | D:10     | Reached skill level 5 in Necromancy
 11780 | D:10     | Reached skill level 5 in Translocations
 11780 | D:10     | Reached skill level 5 in Fire Magic
 11780 | D:10     | Reached skill level 5 in Ice Magic
 11780 | D:10     | Reached skill level 5 in Air Magic
 11780 | D:10     | Reached skill level 5 in Earth Magic
 11780 | D:10     | Reached skill level 5 in Alchemy
 11883 | D:9      | Reached XP level 11. HP: 60/79 MP: 20/20
 11993 | D:9      | Found an opulent altar of Gozag.
 11994 | D:9      | Found a snail-covered altar of Cheibriados.
 12157 | D:9      | Reached ** piety under Wu Jian
 12458 | D:10     | Found a white marble altar of Elyvilon.
 12834 | D:11     | Noticed a cyclops
 12839 | D:11     | Killed a cyclops
 13051 | D:10     | Noticed a sun demon
 13241 | D:10     | Found a shimmering blue altar of Sif Muna.
 13456 | D:11     | Noticed a manticore
 13467 | D:11     | Killed a manticore
 13837 | D:11     | Found a staircase to the Orcish Mines.
 14298 | D:11     | Reached *** piety under Wu Jian
 14907 | D:13     | Noticed a two-headed ogre
 14922 | D:12     | Killed a two-headed ogre
 15012 | D:12     | Noticed Sonja
 15036 | D:12     | Killed Sonja
 15037 | D:12     | Reached XP level 12. HP: 33/91 MP: 19/22
 15638 | D:12     | Noticed a two-headed ogre
 15652 | D:12     | Killed a two-headed ogre
 15653 | D:12     | Reached skill level 10 in Stealth
 15835 | D:12     | Noticed Erolcha
 15840 | D:12     | Killed Erolcha
 15857 | D:12     | Reached skill level 10 in Unarmed Combat
 16433 | D:13     | Noticed a centaur warrior
 16628 | D:13     | Killed a centaur warrior
 17185 | D:13     | Noticed a centaur warrior
 17187 | D:13     | Noticed a boulder beetle
 17393 | D:13     | HP: 3/92 [centaur warrior/arrow (16)]
 18204 | Orc:1    | Entered Level 1 of the Orcish Mines
 18292 | Orc:2    | Entered Level 2 of the Orcish Mines
 18308 | Orc:2    | Noticed a two-headed ogre
 18317 | Orc:2    | Noticed an ogre mage
 18330 | Orc:1    | Killed a two-headed ogre
 18462 | Orc:2    | Noticed a two-headed ogre
 18462 | Orc:2    | Noticed a two-headed ogre
 18464 | Orc:2    | Noticed an ogre mage
 18577 | Orc:1    | Killed a two-headed ogre
 18832 | Orc:2    | Noticed a two-headed ogre
 18833 | Orc:2    | Noticed an ogre mage
 18834 | Orc:2    | Noticed a two-headed ogre
 18837 | Orc:1    | Killed a two-headed ogre
 18841 | Orc:2    | Paralysed by an ogre mage for 4 turns
 18843 | Orc:2    | Demolished by a two-headed ogre

Illustrated notes

Levels and vault maps discovered:
D:1:      nzn_arrival_depleted_hourglass, layout_basic
D:2:      layout_rooms, hellmonk_ecumenical_altar_slurped_away, basic_altar,
          uniq_natasha
D:3:      layout_loops_ring, serial_shops, nicolae_shop_just_a_little_nook,
          solitary_fountain, minmay_splitting_lines, kennysheep_generic_room_12
D:4:      layout_basic, serial_shops, shop, uniq_sigmund
D:5:      layout_loops_corners, mainiacjoe_overflow_boulevard,
          nemelex_spade_bored_becter, serial_library_regret_index_branch_corner,
          kennysheep_path_1, nicolae_the_louvre, uniq_duvessa
D:6:      layout_rooms, amcnicky_altar_gilded
D:7:      layout_layer_cave, mainiacjoe_overflow_small_starburst,
          nicolae_overflow_hidden_temple, mainiacjoe_overflow_cross_hatched,
          lemuel_temple_firewalk_b, hangedman_misty_isle,
          uniq_crazy_yiuf_cottage, uniq_maurice
D:8:      layout_loops_ring, tso_metal_star, gammafunk_ghost_hydra_chop,
          chequers_serial_rivers_micro_d, chequers_serial_rivers_room_b
D:9:      layout_basic, mainiacjoe_overflow_divided_tiny, dpeg_oklobed_lair
D:10:     layout_cave_pools, elyvilon_altar_5, led_sif_book
D:11:     layout_stronghold, erik_orc_1
D:12:     layout_stronghold, serial_library_regret_index_multi,
          minmay_door_square, uniq_erolcha, uniq_sonja
D:13:     layout_gridville, hangedman_vaults_entry_quadrant_bands,
          minmay_quadrilaterals
D:14:     layout_roguey [special_room_orc], minmay_misc_feat_columns,
          serial_rivers, chequers_serial_rivers_micro_c,
          chequers_serial_rivers_micro_c, chequers_serial_rivers_micro_a,
          chequers_serial_rivers_small_b, chequers_serial_rivers_large_b,
          chequers_serial_rivers_micro_e
Temple:   minmay_freezing_vapour_temple
Orc:1:    layout_caves, serial_shops
Orc:2:    st_orc_ogre_mass, layout_caves, serial_shops,
          nicolae_shop_bloodbath_and_beyond, nicolae_shop_industrial_runoff,
          shop, shop

Skill      XL: |  1  2  3  4  5  6  7  8  9 10 11 12 |
---------------+-------------------------------------+-----
Invocations    | 1 2 3 4 5 6 7 8 |  8.7
Short Blades   | 1 2 3 4 5 6 7 |  7.9
Long Blades    | 1 2 3 4 5 6 7 |  7.9
Axes           | 1 2 3 4 5 6 7 |  7.9
Maces & Flails | 1 2 3 4 5 6 7 |  7.9
Polearms       | 1 2 3 4 5 6 7 |  7.9
Staves         | 1 2 3 4 5 6 7 |  7.9
Ranged Weapons | 1 2 3 4 5 6 7 |  7.9
Throwing       | 1 2 3 4 5 6 7 |  7.9
Armour         | 1 2 3 4 5 6 7 |  7.9
Stealth        | 1 2 3 4 6 8 9 10 | 10.8
Shields        | 1 2 3 4 5 6 7 |  7.9
Spellcasting   | 1 2 3 4 5 6 7 |  7.9
Evocations     | 1 2 3 4 5 6 7 |  7.9
Conjurations   | 1 2 3 4 5 6 |  6.6
Hexes          | 1 2 3 4 5 6 |  6.6
Summonings     | 1 2 3 4 5 6 |  6.6
Necromancy     | 1 2 3 4 5 6 |  6.6
Translocations | 1 2 3 4 5 6 |  6.6
Fire Magic     | 1 2 3 4 5 6 |  6.6
Ice Magic      | 1 2 3 4 5 6 |  6.6
Air Magic      | 1 2 3 4 5 6 |  6.6
Earth Magic    | 1 2 3 4 5 6 |  6.6
Alchemy        | 1 2 3 4 5 6 |  6.6
Fighting       | 3 4 5 6 7 8 |  8.4
Dodging        | 5 6 7 8 9 |  9.2
Unarmed Combat | 7 8 9 10 | 10.3
Shapeshifting  | 7 8 9 |  9.8

Action                     |  1- 3 |  4- 6 |  7- 9 | 10-12 || total
---------------------------+-------+-------+-------+-------++-------
  Melee: Unarmed           |    61 |   114 |   366 |   747 ||  1288
         Bite              |     4 |     9 |    49 |   145 ||   207
         Punch             |     2 |     5 |     2 |       ||     9
  Throw: Boomerang         |       |     1 |     2 |       ||     3
         Dart              |       |       |     3 |       ||     3
   Cast: Call Imp          |       |       |     6 |    49 ||    55
         Mercury Vapours   |       |       |       |    12 ||    12
         Blink             |       |       |       |     5 ||     5
Ability: Lunge             |       |       |       |    55 ||    55
         Whirlwind         |       |       |       |    45 ||    45
         Wall Jump         |       |       |       |    33 ||    33
  Evoke: Wand              |       |       |     1 |     2 ||     3
    Use: Potion            |     1 |     1 |     1 |     8 ||    11
         Scroll            |       |     3 |     2 |     4 ||     9
   Stab: Sleeping          |       |       |     2 |     4 ||     6
         Distracted        |       |       |       |     8 ||     8
 Armour: Ring mail         |    32 |    58 |    50 |       ||   140
         Animal skin       |     2 |       |       |       ||     2
         Skin              |       |       |   125 |   275 ||   400
  Dodge: Dodged            |    29 |    81 |   340 |   646 ||  1096
   Form: Flux              |       |       |     1 |       ||     1

Table legend: (Time is in decaauts)
 A = Elapsed time spent in this place.
 B = Non-inter-level travel time spent in this place.
 C = Inter-level travel time spent in this place.
 D = Time resting spent in this place.
 E = Time spent auto-exploring this place.
 F = Levels seen in this place.
 G = Mean time per level.
                   A        B        C        D        E       F      G
               +--------+--------+--------+--------+--------+-----+--------+
         Total |  18841 |  18117 |    724 |   4391 |   7412 |  17 | 1108.3 |
       Dungeon |  18415 |  17692 |    723 |   4162 |   7412 |  14 | 1315.4 |
        Temple |     14 |     14 |      0 |      0 |      0 |   1 |   14.0 |
  Orcish Mines |    410 |    410 |      0 |    229 |      0 |   2 |  205.0 |
               +--------+--------+--------+--------+--------+-----+--------+

Top non-repeatable levels by time:
    D:12: 2122 daAuts
     D:7: 2016 daAuts
     D:4: 1820 daAuts
    D:11: 1677 daAuts
     D:9: 1457 daAuts
     D:5: 1439 daAuts
     D:8: 1406 daAuts
     D:1: 1332 daAuts
     D:3: 1261 daAuts
     D:6: 1167 daAuts
    D:10: 826 daAuts
    D:14: 784 daAuts
     D:2: 674 daAuts
    D:13: 428 daAuts
   Orc:1: 387 daAuts
